 Dungeon Crawl Stone Soup version 0.25-a0-1036-g6f112fb28d (webtiles) character file.

Game seed: 367759756613862933, levelgen mode: deterministic

25 P0NYSLAYSTATION the Chopper (level 3, -1/33 HPs)
             Began as a Hill Orc Monk on May 13, 2020.
             Killed from afar by an orc wizard (9 damage)
             ... with a puff of frost
             ... on level 4 of the Dungeon.
             The game lasted 00:03:46 (355 turns).

P0NYSLAYSTATION the Chopper (Hill Orc Monk)          Turns: 355, Time: 00:03:47

Health: -1/33      AC:  2    Str: 14    XL:     3   Next: 4%
Magic:  3/3        EV: 12    Int: 10    God:
Gold:   22         SH:  3    Dex: 13    Spells: 2/2 levels left

rFire    . . .     SeeInvis .   a - +0 hand axe
rCold    . . .     Gourm    .   d - +0 buckler
rNeg     . . .     Faith    .   b - +0 robe
rPois    .         Spirit   .   (no helmet)
rElec    .         Reflect  .   (no cloak)
rCorr    .         Harm     .   (no gloves)
MR       .....                  (no boots)
Stlth    ++........             (no amulet)
HPRegen  0.11/turn              (no ring)
MPRegen  0.08/turn              (no ring)

@: no status effects
A: no striking features
a: no special abilities


You were on level 4 of the Dungeon.
You were not hungry.

You visited 1 branch of the dungeon, and saw 4 of its levels.

You collected 22 gold pieces.

Inventory:

Hand Weapons
 a - a +0 hand axe (weapon)
Armour
 b - a +0 robe (worn)
 d - a +0 buckler (worn)
Scrolls
 g - 3 scrolls of blinking {unknown}
 h - a scroll of noise {unknown}
Potions
 e - a potion of magic {unknown}
Comestibles
 c - 2 rations
 f - a chunk of flesh


   Skills:
 + Level 3.8 Fighting
 + Level 4.4 Axes
 * Level 1.2 Armour
 + Level 2.7 Dodging
 + Level 1.7 Stealth


You had 2 spell levels left.
You didn't know any spells.
Your spell library was empty.

Dungeon Overview and Level Annotations

Branches:
Dungeon (4/15)
 Temple: D:4-7

Altars:


Message History

You have reached level 3!
Your experience leads to an increase in your attributes!
Increase (S)trength, (I)ntelligence, or (D)exterity?
You feel stronger.
You miss the orc wizard. You hit the hobgoblin.
You kill the hobgoblin!
The orc wizard mumbles some strange words.
The orc wizard seems to speed up.
The orc wizard barely misses you.
There is an open door, spattered with blood here.
Items here: )))))) ††† You hit the orc wizard.
The orc wizard is moderately wounded.
The orc wizard hits you with a +0 dagger.
* * * LOW HITPOINT WARNING * * *
You hit the orc wizard.
The orc wizard is severely wounded.
The orc wizard points at you and mumbles some strange words.
The puff of frost hits you!
You die...

.......# #..
......#########.#
#......#.....#.##
#........###....+
#.[.....##.##...#
#.......#...#...##+# ...
###...####'####....#.....
#..##.#)..# ##...#.....
#..o.o@)..+ #...+.....
#..##.#...# ##.#+#.....
#...####'## #......# #...
...#...#....# #....
#.##...+....# #....
##..###....#### .....#
...# ###...... ... .###
#...... #......


You could see an orc wizard (fast) and an orc.

Vanquished Creatures
  A dart slug (D:1)
  A ball python (D:1)
  A giant cockroach (D:1)
  8 goblins
  5 hobgoblins
  2 rats
18 creatures vanquished.

Notes
Turn   | Place    | Note
-------+----------+-------------------------------------------
     0 | D:1      | P0NYSLAYSTATION the Hill Orc Monk began the quest for the
                  | Orb.
     0 | D:1      | Reached XP level 1. HP: 19/19 MP: 1/1
   104 | D:1      | Reached XP level 2. HP: 13/27 MP: 2/2
   330 | D:4      | Reached skill level 1 in Armour
   352 | D:4      | Reached XP level 3. HP: 10/33 MP: 3/3
   355 | D:4      | Killed from afar by an orc wizard

Illustrated notes

Levels and vault maps discovered:
D:1:      saegor_arrival_under_anarchy, layout_loops_ring
D:2:      layout_basic, old_standard_altar, tgw_trog, fedhas_altar_1,
          first_ration, minmay_statues_item
D:3:      layout_loops_corners, elyvilon_altar_4, grunt_qazlal_sundering
D:4:      cheibrodos_greedy_goblins, layout_gridville, portal_sewer_entry_f

Skill      XL: |  1  2 |
---------------+-------+-----
Armour         | 1 |  1.2
Fighting       | |  3.8
Axes           | |  4.4
Dodging        | |  2.7
Stealth        | |  1.7

Action                   || total
-------------------------++-------
Melee: Hand axe          ||    42
 Stab: Sleeping          ||     2
Dodge: Dodged            ||    17
Block: Buckler           ||     9

Table legend:
 A = Non-vault XP
 B = Vault XP
 C = Vault XP percentage of total XP
 D = Non-vault monster count
 E = Vault monster count
 F = Vault count percentage of total count
                 A         B        C        D         E       F
            +---------+---------+-------+---------+---------+-------
      Total |      14 |      22 |  61.1 |       7 |      11 |  61.1
            +---------+---------+-------+---------+---------+-------
        D:1 |      11 |       0 |   0.0 |       5 |       0 |   0.0
        D:3 |       3 |       0 |   0.0 |       2 |       0 |   0.0
        D:4 |       0 |      22 | 100.0 |       0 |      11 | 100.0
            +---------+---------+-------+---------+---------+-------
